[Event "Team 45 45 League T55"]
[Site "Internet Chess Club"]
[Date "2012.12.15"]
[Round "5"]
[White "Grenadier"]
[Black "zap2"]
[Result "1/2-1/2"]
[WhiteElo "1708"]
[BlackElo "1853"]
[Opening "Caro-Kann: Panov-Botvinnik attack, 5...e6"]
[ECO "B14"]
[Time "09:30:50"]
[TimeControl "2700+45"]

1. e4 c6 2. d4 d5 3. exd5 cxd5 4. c4 Nf6 5. Nc3 e6 6. Nf3 Nc6 7. Bg5 Be7 8. c5
b6 9. Bb5 Bd7 10. Bxc6 Bxc6 11. b4 bxc5 12. dxc5 Rb8 13. Rb1 O-O 14. Bf4 Ne4 15.
Nxe4 dxe4 16. Nd4 Bd5 17. Bxb8 Qxb8 18. a3 e3 19. O-O exf2+ 20. Rxf2 Bh4 21. Rf1
Rd8 22. Qh5 Bf6 23. Nf3 Qf4 24. Rbe1 g6 25. Qh3 Bc4 26. Rf2 Rd3 27. Qg3 Qxg3 28.
hxg3 Rxa3 29. Nd2 Bd5 30. Rxf6 Rxg3 31. Re2 Rg4 32. b5 Rb4 33. b6 axb6 34. cxb6
Rxb6 35. Ref2 Rb7 36. Nf3 Rb1+ 37. Kh2 Bxf3 38. R2xf3 Rb7 39. g4 h6 40. Kg3 Kg7
41. R6f4 Ra7 42. Rb4 Rc7 43. Rfb3 Kf6 44. Rb7 Rxb7 45. Rxb7 g5 46. Rb6 Ke5 47.
Kf3 Kf6 48. Ke4 Kg6 49. Ke5 h5 50. gxh5+ Kxh5 51. Kf6 Kh4 52. Rb8 g4 53. Rh8+
Kg3 54. Rh7 Kf2 55. Rxf7 g3 56. Kxe6+ Kg1 57. Rg7 g2 58. Ke5 Kf2 59. Rf7+ Ke3
60. Rg7 Kf2 {Game drawn by mutual agreement} 1/2-1/2

[Event "Team 45 45 League T55"]
[Site "Internet Chess Club"]
[Date "2012.12.15"]
[Round "5"]
[White "mongmong"]
[Black "zepled37"]
[Result "1-0"]
[WhiteElo "1638"]
[BlackElo "1535"]
[Opening "Queen's pawn game"]
[ECO "D05"]
[Time "10:13:06"]
[TimeControl "2700+45"]

1. d4 d5 2. Nf3 e6 3. e3 Nf6 4. Bd3 b6 5. Nbd2 Bb7 6. Ne5 Nbd7 7. f4 Bd6 8. O-O
O-O 9. c3 Ne4 10. Nxe4 dxe4 11. Bb5 Bxe5 12. fxe5 a6 13. Ba4 b5 14. Bc2 Qe7 15.
Rf4 f5 16. exf6 Nxf6 17. Qe2 Bd5 18. Bd2 c5 19. Be1 c4 20. Bh4 Qb7 21. Raf1 Nd7
22. Qg4 e5 23. Rxf8+ Rxf8 24. Rxf8+ Kxf8 25. Qf5+ Kg8 26. dxe5 Nc5 27. Qg5 Nd3
28. b3 Kf8 29. Qd8+ Kf7 30. Qd6 cxb3 31. Bxb3 Bxb3 32. axb3 Nc1 33. e6+ Ke8 34.
Qd8# {Black checkmated} 1-0

[Event "Team 45 45 League T55"]
[Site "Internet Chess Club"]
[Date "2012.12.13"]
[Round "5"]
[White "GoIrish"]
[Black "Kravier"]
[Result "1/2-1/2"]
[WhiteElo "1572"]
[BlackElo "1691"]
[Opening "Réti opening"]
[ECO "A04"]
[Time "21:07:30"]
[TimeControl "2700+45"]

1. Nf3 c6 2. g3 d5 3. Bg2 h6 4. O-O Bf5 5. d3 Nd7 6. Nbd2 Ngf6 7. Re1 e6 8. e4
dxe4 9. dxe4 Bg4 10. h3 Bxf3 11. Qxf3 Ne5 12. Qc3 Ng6 13. e5 Nd5 14. Qb3 Qb6 15.
Qf3 Nb4 16. Nc4 Qc7 17. Qe2 Be7 18. a3 Nd5 19. Bd2 O-O 20. h4 Rfd8 21. h5 Nf8
22. Qg4 Kh8 23. Rad1 b5 24. Ba5 Nb6 25. Nd2 Rd7 26. Qf3 Rad8 27. Qxc6 b4 28.
Bxb4 Bxb4 29. Qxc7 Rxc7 30. axb4 Rxc2 31. Ne4 Rxd1 32. Rxd1 Rxb2 33. Rd4 Nd5 34.
Nd6 Rxb4 35. Rxb4 Nxb4 36. Nxf7+ Kg8 37. Nd6 a5 38. Nc4 a4 39. Na3 Nd7 40. f4
Kf7 41. Bf1 Nc5 {Game drawn by mutual agreement} 1/2-1/2

[Event "Team 45 45 League T55"]
[Site "Internet Chess Club"]
[Date "2012.12.13"]
[Round "5"]
[White "ChessMaine"]
[Black "BrerRabbit"]
[Result "1/2-1/2"]
[WhiteElo "1453"]
[BlackElo "1481"]
[Opening "King's Indian: Petrosian system"]
[ECO "E92"]
[Time "20:02:26"]
[TimeControl "2700+45"]

1. d4 Nf6 2. c4 g6 3. Nc3 Bg7 4. e4 d6 5. Nf3 O-O 6. Be2 e5 7. d5 Na6 8. O-O Nc5
9. Nd2 a5 10. b3 Bh6 11. f3 Nh5 12. Re1 f5 13. exf5 Bxf5 14. Nde4 Bxc1 15. Qxc1
Bxe4 16. Nxe4 Nxe4 17. fxe4 Nf6 18. Bf3 Kg7 19. Qe3 Nd7 20. a3 Qe7 21. b4 axb4
22. axb4 b6 23. Bg4 Nf6 24. Be6 Nh5 25. g3 Nf6 26. Rf1 Rxa1 27. Rxa1 Rb8 28. Ra7
Qd8 29. Kf1 Ra8 30. Rxa8 Qxa8 31. Qf3 Qa2 32. g4 Qb1+ 33. Ke2 Qxe4+ 34. Qxe4
Nxe4 35. Ke3 Nf6 36. g5 Nh5 37. Ke4 Nf4 38. Bd7 Kf7 39. c5 bxc5 40. bxc5 Ke7 41.
Bb5 Nh3 42. cxd6+ cxd6 43. Kf3 Nxg5+ 44. Kg4 Kf6 45. Bd3 Nf7 46. Be4 Nh6+ 47.
Kf3 Nf5 48. Kg4 Nd4 49. h4 h6 50. Bd3 h5+ 51. Kh3 g5 52. hxg5+ Kxg5 53. Be4 Nf5
54. Bf3 h4 55. Be4 Kf4 56. Bc2 e4 57. Kh2 Ke5 58. Bb3 Ne3 59. Kh3 Nxd5 60. Kxh4
Nc3 61. Kg3 d5 62. Kf2 d4 63. Bc4 Kf4 64. Bf1 e3+ 65. Ke1 Na4 66. Be2 Nc5 67.
Bc4 d3 68. Kf1 e2+ 69. Kf2 Ne4+ 70. Ke1 Ke3 71. Bxd3 Kxd3 {White stalemated}
1/2-1/2

[Event "Team 45 45 League T55"]
[Site "Internet Chess Club"]
[Date "2012.12.19"]
[Round "5"]
[White "rayonline53"]
[Black "ScotchYeti"]
[Result "0-1"]
[WhiteElo "1467"]
[BlackElo "1678"]
[Opening "Benkö gambit"]
[ECO "A57"]
[Time "15:01:37"]
[TimeControl "2700+45"]

1. d4 Nf6 2. c4 c5 3. d5 b5 4. b3 g6 5. Bb2 Bg7 6. g3 d6 7. Bg2 O-O 8. Nf3 Nbd7
9. O-O bxc4 10. bxc4 Nb6 11. Nbd2 Bd7 12. a4 a5 13. Qc2 Qe8 14. Ne4 Nxe4 15.
Bxg7 Kxg7 16. Qxe4 Nxa4 17. Qe3 Nb6 18. Rfb1 Qd8 19. Qb3 Rb8 20. Rxa5 Kg8 21.
Raa1 Bf5 22. Rb2 Nxc4 23. Qxb8 Qxb8 24. Rxb8 Rxb8 25. Rc1 Rb1 26. Rxb1 Bxb1 27.
Kf1 Be4 28. Ne1 Bxg2+ 29. Nxg2 Kg7 30. Ke1 Kf6 31. e4 Ke5 32. f3 g5 33. g4 e6
34. dxe6 fxe6 35. Ke2 d5 36. exd5 exd5 37. Kd3 Nd6 38. h4 c4+ 39. Kd2 h6 40.
hxg5 hxg5 41. Ne3 d4 42. Ng2 Nb7 43. Kc2 Nc5 44. Kd2 Ne6 45. Kc2 Nf4 46. Ne1 Nh3
47. Kd2 Ng1 {White resigns} 0-1

[Event "Team 45 45 League T55"]
[Site "Internet Chess Club"]
[Date "2012.12.16"]
[Round "5"]
[White "cepheid"]
[Black "nanning"]
[Result "1-0"]
[WhiteElo "1671"]
[BlackElo "1671"]
[Opening "Sicilian: Alapin's variation (2.c3)"]
[ECO "B22"]
[Time "11:48:17"]
[TimeControl "2700+45"]

1. e4 c5 2. c3 Nf6 3. e5 Nd5 4. d4 cxd4 5. cxd4 e6 6. Nf3 d6 7. Nc3 Nxc3 8. bxc3
Qc7 9. Qc2 dxe5 10. Nxe5 Nc6 11. Bb5 Bd6 12. Nxc6 bxc6 13. Bd3 f5 14. a4 O-O 15.
Ba3 Bxa3 16. Rxa3 c5 17. O-O c4 18. Be2 Bb7 19. Qd2 a5 20. Qe3 Bd5 21. Raa1 Rab8
22. Rab1 Qc6 23. Bf3 Rb3 24. Bxd5 exd5 25. Ra1 Re8 26. Qd2 Qg6 27. Rfe1 Rxe1+
28. Rxe1 f4 29. Qxf4 Rb1 30. Qd2 Qe4 31. Kf1 Kf7 32. f3 Rxe1+ 33. Qxe1 Qd3+ 34.
Kg1 Qc2 35. h3 Qxa4 36. Qe5 Qd7 37. Qb8 a4 38. Qa8 h6 39. Kf2 Kg6 40. Qf8 Qf5
41. Qe8+ Kh7 42. Qxa4 Qd3 43. Qa5 Qd2+ 44. Kg3 Qe1+ 45. Kh2 Qxc3 46. Qxc3 {Black
resigns} 1-0

[Event "Team 45 45 League T55"]
[Site "Internet Chess Club"]
[Date "2012.12.16"]
[Round "5"]
[White "rom1"]
[Black "elessar"]
[Result "1/2-1/2"]
[WhiteElo "1532"]
[BlackElo "1589"]
[Opening "QGD Slav: Steiner variation"]
[ECO "D16"]
[Time "08:12:43"]
[TimeControl "2700+45"]

1. d4 d5 2. c4 c6 3. Nc3 Nf6 4. Nf3 dxc4 5. a4 Bg4 6. e3 e6 7. Bxc4 Bxf3 8. Qxf3
Nbd7 9. O-O Be7 10. Rd1 Nb6 11. Bd3 Nbd5 12. e4 Nb4 13. Be3 Nxd3 14. Rxd3 O-O
15. Rc1 Qd7 16. e5 Nd5 17. Nxd5 exd5 18. Bd2 Rae8 19. Qg3 Qf5 20. f4 f6 21. Re1
fxe5 22. Rxe5 Qf7 23. Qf3 Bd6 24. Rxe8 Rxe8 25. g3 Re4 26. Bc3 Qe8 27. Kf2 Qe6
28. Re3 Rxe3 29. Qxe3 Qxe3+ 30. Kxe3 g6 31. b4 a6 32. h3 h5 33. g4 hxg4 34. hxg4
Kf7 35. b5 axb5 36. axb5 cxb5 37. Ba5 Ke6 38. Bb6 Be7 39. Bc7 Kd7 40. Be5 Ke6
41. Kd3 Bb4 42. Kc2 Ba5 43. Kb3 b6 44. Bb8 Kf6 45. Bc7 Ke6 46. Be5 Bd2 47. Bc7
Ba5 {Game drawn by mutual agreement} 1/2-1/2

[Event "Team 45 45 League T55"]
[Site "Internet Chess Club"]
[Date "2012.12.17"]
[Round "5"]
[White "cBishop"]
[Black "oldsj"]
[Result "1-0"]
[WhiteElo "1634"]
[BlackElo "1661"]
[Opening "Ruy Lopez: open (Tarrasch) defense"]
[ECO "C80"]
[Time "11:03:06"]
[TimeControl "2700+45"]

1. e4 e5 2. Nf3 Nc6 3. Bb5 a6 4. Ba4 Nf6 5. O-O Nxe4 6. Re1 Nc5 7. Bxc6 dxc6 8.
Nxe5 Be7 9. d4 Ne6 10. Be3 O-O 11. Nc3 b5 12. Nxc6 Qd6 13. Nxe7+ Qxe7 14. Qe2
Bb7 15. f3 Rad8 16. Rad1 c6 17. Qf2 Qf6 18. Ne4 Qg6 19. b3 Nc7 20. c4 Bc8 21.
Bf4 Ne6 22. Bg3 Rfe8 23. Nd6 Re7 24. d5 Rxd6 25. Bxd6 Ng5 26. Bxe7 Nh3+ 27. Kf1
Nxf2 28. Bb4 f5 29. Kxf2 cxd5 30. Rxd5 Be6 31. Rd8+ Kf7 32. Rf8# {Black
checkmated} 1-0

[Event "Team 45 45 League T55"]
[Site "Internet Chess Club"]
[Date "2012.12.17"]
[Round "5"]
[White "fuzzface"]
[Black "Sanjaya"]
[Result "1-0"]
[WhiteElo "1369"]
[BlackElo "1090"]
[Opening "Queen's pawn game"]
[ECO "D00"]
[Time "16:01:16"]
[TimeControl "2700+45"]

1. d4 d5 2. e3 c5 3. Bb5+ Bd7 4. Bxd7+ Nxd7 5. Nf3 Qa5+ 6. Bd2 Qb6 7. Bc3 cxd4
8. Qxd4 e6 9. O-O Ngf6 10. Qxb6 Nxb6 11. Nbd2 Bb4 12. Bxb4 O-O-O 13. Ne5 Rhg8
14. Nxf7 Rd7 15. Nd6+ Kb8 16. Nb5 a6 17. Bd6+ Kc8 18. Na7+ Kd8 19. Be5 Ke7 20.
Nb3 Ra8 21. Nc5 Rdd8 22. Nxb7 Rxa7 23. Nxd8 Kxd8 24. Bd4 Rb7 25. b3 Kd7 26. Rfc1
Kd6 27. Rab1 e5 28. Bxb6 Rxb6 29. c4 dxc4 30. Rxc4 Kd5 31. Rd1+ Ke6 32. Rc7 Nd5
33. Rxg7 Nc3 34. Rxh7 Nxd1 35. Rh6+ Kd5 36. Rxb6 a5 37. Rb5+ {Black resigns} 1-0

[Event "Team 45 45 League T55"]
[Site "Internet Chess Club"]
[Date "2012.12.17"]
[Round "5"]
[White "BosqueVerde"]
[Black "tamky70"]
[Result "0-1"]
[WhiteElo "1176"]
[BlackElo "1420"]
[Opening "Dutch with c4 & Nc3"]
[ECO "A85"]
[Time "19:30:11"]
[TimeControl "2700+45"]

1. d4 f5 2. c4 Nf6 3. Nc3 e6 4. Bg5 Be7 5. Nf3 Ne4 6. Bxe7 Qxe7 7. e3 Nf6 8. Bd3
O-O 9. O-O Na6 10. a3 c6 11. c5 Nc7 12. Qc2 Ncd5 13. Ne2 d6 14. b4 Ne4 15. Bxe4
fxe4 16. Qxe4 Nf6 17. Qh4 d5 18. Ne5 Qe8 19. Ng3 Nd7 20. Qg5 Nxe5 21. Qxe5 Bd7
22. Nh5 Qf7 23. e4 dxe4 24. Qxe4 Qxh5 25. Rad1 Qd5 26. Qh4 Rf6 27. Rd3 Rh6 28.
Qf4 Qf5 29. Qd6 Qxd3 30. Qxd7 e5 31. Qxb7 Rf8 32. Qxa7 exd4 33. Qd7 Qxa3 34.
Qxd4 Rhf6 35. b5 cxb5 36. Qd5+ R6f7 37. c6 Qa8 38. Qxb5 Rc8 39. Rc1 Rfc7 40.
Qd5+ Kh8 41. Qe5 Rxc6 42. Re1 Rc1 43. Kf1 Qa6+ 44. Qe2 Qxe2+ 45. Kxe2 Rxe1+ 46.
Kxe1 Rc2 47. h4 h5 48. g3 Kg8 49. Kf1 Kf7 50. Kg2 Kf6 51. Kf3 Kf5 52. g4+ hxg4+
53. Kg3 g6 54. f4 Rc3+ 55. Kg2 Kxf4 56. h5 gxh5 57. Kh2 h4 58. Kg2 Rc2+ 59. Kg1
Kf3 60. Kh1 Kg3 61. Kg1 Rc1# {White checkmated} 0-1

[Event "Team 45 45 League T55"]
[Site "Internet Chess Club"]
[Date "2012.12.16"]
[Round "5"]
[White "wildangels"]
[Black "johnnyw"]
[Result "0-1"]
[WhiteElo "1054"]
[BlackElo "1115"]
[Opening "Ruy Lopez: exchange variation"]
[ECO "C68"]
[Time "10:00:07"]
[TimeControl "2700+45"]

1. e4 e5 2. Nf3 Nc6 3. Bb5 a6 4. Bxc6 dxc6 5. d3 f6 6. O-O Bg4 7. Nbd2 Qd6 8.
Nc4 Qc5 9. Be3 Qe7 10. Qd2 O-O-O 11. Nh4 g5 12. Nf5 Bxf5 13. exf5 Nh6 14. Bb6
Qf7 15. Qa5 Rd5 16. Qa4 Bc5 17. Qb3 cxb6 18. Ne3 Bxe3 19. fxe3 Kc7 20. c4 Rd7
21. Rac1 Rhd8 22. Rfd1 Nxf5 23. e4 Nd4 24. Qc3 Ne2+ 25. Kf2 Nxc3 26. Rxc3 Qh5
27. Rd2 Qxh2 28. Rd1 Qf4+ 29. Kg1 Qe3+ 30. Kh2 Rxd3 31. Rf1 Rxc3 32. Rxf6 Qg3+
33. Kg1 Rc2 34. Rf7+ Rd7 35. Rf3 Qxg2# {White checkmated} 0-1

[Event "Team 45 45 League T55"]
[Site "Internet Chess Club"]
[Date "2012.12.14"]
[Round "5"]
[White "arconia"]
[Black "Just-Jim"]
[Result "0-1"]
[WhiteElo "1325"]
[BlackElo "1446"]
[Opening "Inverted Hungarian"]
[ECO "C44"]
[Time "18:00:08"]
[TimeControl "2700+45"]

1. e4 e5 2. Nf3 Nc6 3. Be2 Nf6 4. d3 h6 5. b3 Bc5 6. O-O O-O 7. Bb2 d6 8. h3 Nh7
9. Nc3 f5 10. Nd5 fxe4 11. dxe4 Ng5 12. Nxg5 Qxg5 13. Bc1 Qg3 14. Be3 Bxe3 15.
Nxe3 Qg6 16. Bh5 Qxe4 17. Bg4 Bxg4 18. Nxg4 Nd4 19. Ne3 Rf7 20. c3 Ne6 21. Re1
Qg6 22. Nc4 Raf8 23. Rf1 Nf4 24. Qf3 e4 25. Qg3 {White resigns} 0-1

[Event "Team 45 45 League T55"]
[Site "Internet Chess Club"]
[Date "2012.12.14"]
[Round "5"]
[White "PsyMar"]
[Black "chips"]
[Result "1-0"]
[WhiteElo "1329"]
[BlackElo "1241"]
[Opening "Polish (Sokolsky) opening"]
[ECO "A00"]
[Time "09:00:46"]
[TimeControl "2700+45"]

1. b4 e5 2. Bb2 d6 3. c4 b6 4. d4 exd4 5. Bxd4 Bb7 6. Nc3 Nc6 7. Nf3 Nxb4 8. e4
Nc6 9. Be2 Nxd4 10. Qxd4 c5 11. Qd2 Nf6 12. Qf4 Qd7 13. O-O Qg4 14. Qe3 Nxe4 15.
Nd2 Qe6 16. Ndxe4 Bxe4 17. Qxe4 Qxe4 18. Nxe4 O-O-O 19. Ng5 Re8 20. Bg4+ Kc7 21.
Nxf7 Rg8 22. Ng5 h6 23. Ne6+ Kb8 24. Nxf8 Rexf8 25. Rfe1 Rf4 26. f3 Rxc4 27. Be6
{Black resigns} 1-0

[Event "Team 45 45 League T55"]
[Site "Internet Chess Club"]
[Date "2012.12.17"]
[Round "5"]
[White "Macovitski"]
[Black "rgadoury"]
[Result "1-0"]
[WhiteElo "1242"]
[BlackElo "1247"]
[Opening "Hungarian defense"]
[ECO "C50"]
[Time "19:00:17"]
[TimeControl "2700+45"]

1. e4 e5 2. Nf3 Nc6 3. Bc4 Be7 4. O-O Nf6 5. d4 Nxd4 6. Nxe5 O-O 7. Qxd4 d6 8.
Nf3 Bg4 9. Nbd2 Bh5 10. b3 c5 11. Qc3 Bxf3 12. Qxf3 Rb8 13. a4 Nd7 14. Bb2 Bf6
15. Bxf6 Nxf6 16. Rad1 Nd7 17. Bd5 Ne5 18. Qe2 a6 19. Nc4 Nxc4 20. Qxc4 Qf6 21.
Rfe1 b5 22. axb5 axb5 23. Qe2 Rfe8 24. Bc6 Re7 25. Bxb5 {Black resigns} 1-0

[Event "Team 45 45 League T55"]
[Site "Internet Chess Club"]
[Date "2012.12.14"]
[Round "5"]
[White "oldbookseller"]
[Black "lawth3"]
[Result "0-1"]
[WhiteElo "1059"]
[BlackElo "1301"]
[Opening "Queen's pawn: Yusupov-Rubinstein system"]
[ECO "A46"]
[Time "13:00:09"]
[TimeControl "2700+45"]

1. d4 Nf6 2. Nf3 e6 3. e3 Bb4+ 4. c3 Ba5 5. Bd3 O-O 6. O-O d5 7. Nbd2 Nbd7 8. a3
c5 9. b4 cxb4 10. axb4 Bb6 11. e4 dxe4 12. Nxe4 Re8 13. Nd6 Re7 14. Bc2 Qc7 15.
Ne4 Nxe4 16. Bxe4 Qxc3 17. Rb1 Nf6 18. Bg5 Rd7 19. Bxf6 gxf6 20. Nd2 Kf8 21. Nf3
Bxd4 22. Nxd4 Qxd4 23. Qg4 f5 24. Qg5 Qxe4 25. Qh6+ Ke7 26. Qg5+ Kd6 27. Rfd1+
Kc7 28. Qc1+ Kd8 29. Qg5+ Kc7 30. Rbc1+ Kb6 31. f3 Rxd1+ 32. Rxd1 Qe2 33. Qd8+
Kb5 34. Qd4 Qc4 35. Qe5+ Ka6 36. Ra1+ Kb6 37. Qd6+ Qc6 38. Qd4+ Kc7 39. Qe5+ Qd6
40. Qc3+ Kd7 41. Qg7 Ke7 42. Qg5+ Kd7 43. Rc1 b6 44. b5 a6 45. Qg7 Qe7 46. Qd4+
Qd6 47. Qg7 Qe7 48. Qxh7 Bb7 49. Qh3 Rc8 50. Rd1+ Kc7 51. Qg3+ e5 52. f4 Qc5+
53. Kh1 Rd8 54. Re1 Rd2 55. fxe5 Bxg2+ {White resigns} 0-1

[Event "Team 45 45 League T55"]
[Site "Internet Chess Club"]
[Date "2012.12.17"]
[Round "5"]
[White "Zugzwanged"]
[Black "room-matt"]
[Result "0-1"]
[WhiteElo "1685"]
[BlackElo "1787"]
[Opening "Scotch: Steinitz variation"]
[ECO "C45"]
[Time "09:02:45"]
[TimeControl "2700+45"]

1. e4 e5 2. Nf3 Nc6 3. d4 exd4 4. Nxd4 Qh4 5. Nc3 Bb4 6. Qd3 Nf6 7. Nxc6 dxc6 8.
a3 Nxe4 9. axb4 Qxf2+ 10. Kd1 Bg4+ 11. Be2 Rd8 12. Qxd8+ Kxd8 13. Bxg4 Qxg2 14.
Re1 Qxg4+ {White resigns} 0-1

[Event "Team 45 45 League T55"]
[Site "Internet Chess Club"]
[Date "2012.12.15"]
[Round "5"]
[White "hondocando"]
[Black "Timotheous"]
[Result "1-0"]
[WhiteElo "1647"]
[BlackElo "1721"]
[Opening "Sicilian: Grand Prix attack"]
[ECO "B23"]
[Time "08:16:28"]
[TimeControl "2700+45"]

1. e4 c5 2. Nc3 Nc6 3. f4 g6 4. Nf3 Bg7 5. Bb5 Nd4 6. O-O Nxb5 7. Nxb5 d6 8. d3
Bg4 9. Qe1 Bxf3 10. Rxf3 a6 11. Nc3 e6 12. f5 Qb6 13. Kh1 O-O-O 14. fxe6 fxe6
15. Na4 Qb5 16. Nc3 Qe8 17. a4 Ne7 18. a5 Nc6 19. Na4 Nd4 20. Rf2 Rf8 21. Bg5
Rxf2 22. Qxf2 Qf8 23. Nb6+ {Black resigns} 1-0

[Event "Team 45 45 League T55"]
[Site "Internet Chess Club"]
[Date "2012.12.16"]
[Round "5"]
[White "supermessi"]
[Black "Signalman"]
[Result "1/2-1/2"]
[WhiteElo "1590"]
[BlackElo "1520"]
[Opening "Old Indian: Ukrainian variation"]
[ECO "A53"]
[Time "14:04:07"]
[TimeControl "2700+45"]

1. d4 Nf6 2. c4 d6 3. Nc3 e5 4. e3 Nbd7 5. Be2 g6 6. Nf3 Bg7 7. O-O O-O 8. b3
Re8 9. Bb2 e4 10. Nd2 Nf8 11. Qc2 Qe7 12. Ba3 a6 13. Rac1 h5 14. Nd5 Qd8 15.
Nxf6+ Bxf6 16. Nxe4 Bf5 17. Nxf6+ Qxf6 18. Bd3 Bxd3 19. Qxd3 Rad8 20. d5 Nd7 21.
Bb2 Qxb2 22. Rc2 Qe5 23. Re1 Nc5 24. Qe2 Re7 25. Qd2 Ne4 26. Qd3 Nc5 27. Qd2 Ne4
28. Qd3 Nc5 29. Qd2 Ne4 {Game drawn by repetition} 1/2-1/2

[Event "Team 45 45 League T55"]
[Site "Internet Chess Club"]
[Date "2012.12.16"]
[Round "5"]
[White "werty"]
[Black "rahulr"]
[Result "1-0"]
[WhiteElo "1536"]
[BlackElo "1510"]
[Opening "Scandinavian: Marshall variation"]
[ECO "B02"]
[Time "14:31:38"]
[TimeControl "2700+45"]

1. e4 Nf6 2. d4 d5 3. exd5 Nxd5 4. Nf3 Nc6 5. Bb5 Bd7 6. O-O e6 7. Bd2 Be7 8.
Re1 O-O 9. Nc3 Nxc3 10. Bxc3 a6 11. Bd3 Nb4 12. a3 Nxd3 13. Qxd3 Bb5 14. Qe3 Bf6
15. Ne5 Bg5 16. f4 Be7 17. Rad1 f6 18. Nf3 Bc4 19. b3 Bd5 20. Bb2 f5 21. c4 Be4
22. Nd2 Qd6 23. Nxe4 fxe4 24. Qxe4 Rxf4 25. Qxe6+ Qxe6 26. Rxe6 Bf6 27. Rd2 Rd8
28. d5 Bg5 29. Rde2 Rdf8 30. h3 Rf1+ 31. Kh2 Bf4+ 32. g3 Bg5 33. Kg2 R1f3 34. h4
Bd8 35. b4 Rb3 36. R6e3 Rxe3 37. Rxe3 Bf6 38. Bxf6 Rxf6 39. Re7 Rf7 40. Rxf7
Kxf7 41. Kf3 Kf6 42. Kf4 h6 43. h5 c6 44. d6 Ke6 45. c5 {Black resigns} 1-0

[Event "Team 45 45 League T55"]
[Site "Internet Chess Club"]
[Date "2012.12.16"]
[Round "5"]
[White "Egmont"]
[Black "DutchBird"]
[Result "1/2-1/2"]
[WhiteElo "1646"]
[BlackElo "1446"]
[Opening "Queen's pawn: London system"]
[ECO "A45"]
[Time "11:00:33"]
[TimeControl "2700+45"]

1. d4 Nf6 2. Bf4 g6 3. e3 Bg7 4. Be2 O-O 5. Nf3 c5 6. c3 Qb6 7. Qb3 Qxb3 8. axb3
cxd4 9. exd4 d6 10. O-O Nbd7 11. Nbd2 Re8 12. Bb5 Nh5 13. Bg5 h6 14. Be3 Nhf6
15. Rfe1 Rd8 16. h3 Nd5 17. Nf1 Nxe3 18. Nxe3 Nf6 19. Bc4 d5 20. Bd3 Nh5 21. Bc2
Be6 22. b4 a6 23. Ra3 Nf4 24. Rea1 Bd7 25. Kh2 Bb5 26. g3 Nd3 27. Bxd3 Bxd3 28.
Nd2 Rac8 29. f4 Rd6 30. Nb3 Re6 31. Re1 b6 32. Raa1 Rd6 33. Ng4 e6 34. Ne5 Bb5
35. Kg2 Rf8 36. Kf3 Kh7 37. Re3 f6 38. Ng4 h5 39. Nf2 e5 40. Rae1 e4+ 41. Kg2 g5
42. f5 Bh6 43. g4 Bg7 44. Nd2 Rh8 45. b3 Bc6 46. Nf1 Kg8 47. Ng3 hxg4 48. hxg4
Bf8 49. Nh5 Kf7 50. Rh3 Rd8 51. Reh1 Bd6 52. Nd1 Rde8 53. Ne3 b5 54. Ng3 Rxh3
55. Rxh3 Kg7 56. Nh5+ Kf7 57. Ng3 Kg7 58. Nh5+ Kf7 {Game drawn by mutual
agreement} 1/2-1/2

[Event "Team 45 45 League T55"]
[Site "Internet Chess Club"]
[Date "2012.12.16"]
[Round "5"]
[White "doublepar"]
[Black "birk113"]
[Result "1-0"]
[WhiteElo "1561"]
[BlackElo "1450"]
[Opening "French: Tarrasch, closed variation"]
[ECO "C05"]
[Time "10:18:27"]
[TimeControl "2700+45"]

1. e4 e6 2. d4 d5 3. Nd2 Nf6 4. e5 Nfd7 5. Bd3 c5 6. c3 Nc6 7. Ne2 Qb6 8. Nf3
cxd4 9. cxd4 Bb4+ 10. Bd2 O-O 11. O-O f6 12. exf6 Nxf6 13. Bf4 Nh5 14. Be3 Qc7
15. Rc1 Bd6 16. Nc3 a6 17. Bxh7+ Kxh7 18. Ng5+ Kg6 19. h4 Bf4 20. Qd3+ Kf6 21.
Qh7 Bd7 22. Qxh5 Bxg5 23. Bxg5+ Kf5 24. g4# {Black checkmated} 1-0

[Event "Team 45 45 League T55"]
[Site "Internet Chess Club"]
[Date "2012.12.15"]
[Round "5"]
[White "PaulaR"]
[Black "ikatankayangan"]
[Result "1-0"]
[WhiteElo "1579"]
[BlackElo "1611"]
[Opening "Caro-Kann defense"]
[ECO "B12"]
[Time "06:14:58"]
[TimeControl "2700+45"]

1. e4 c6 2. d4 e6 3. Nc3 d5 4. e5 Nd7 5. Nf3 Be7 6. Bd3 c5 7. Be2 Qb6 8. dxc5
Bxc5 9. O-O Be7 10. Be3 Qd8 11. Nb5 a6 12. Nd6+ Bxd6 13. exd6 Ngf6 14. Bd3 O-O
15. Re1 b6 16. Qd2 Ne8 17. Ng5 Ndf6 18. Bd4 Qxd6 19. Be5 Qd8 20. Re3 h6 21. Rh3
Nd6 22. Qe2 Nde4 23. Nxe4 dxe4 24. Bxe4 Nxe4 25. Qxe4 Qd5 26. Qe3 f6 27. Bc3 e5
28. Rg3 Rd8 29. h3 b5 30. Qxh6 Rd7 31. Qxf6 b4 32. Bxe5 Rf7 33. Rxg7+ Kf8 34.
Rg8+ {Black resigns} 1-0

[Event "Team 45 45 League T55"]
[Site "Internet Chess Club"]
[Date "2012.12.17"]
[Round "5"]
[White "BrerRabbit"]
[Black "krysto"]
[Result "0-1"]
[WhiteElo "1471"]
[BlackElo "1630"]
[Opening "Queen's pawn game"]
[ECO "A46"]
[Time "20:01:09"]
[TimeControl "2700+45"]

1. d4 Nf6 2. Nf3 e6 3. Bf4 c5 4. c3 cxd4 5. cxd4 Bb4+ 6. Bd2 Qb6 7. Bxb4 Qxb4+
8. Qd2 Nc6 9. Nc3 d5 10. e3 O-O 11. Be2 a6 12. O-O b5 13. Rac1 Qd6 14. Rc2 Bb7
15. Rfc1 Nb4 16. Ne5 Nxc2 17. Rxc2 Rac8 18. Bd3 Rc7 19. Rc1 Rfc8 20. Rf1 Nd7 21.
f4 f6 22. Nf3 e5 23. fxe5 fxe5 24. Bf5 Rf8 25. Bxd7 exd4 26. Nxb5 axb5 27. Bxb5
dxe3 28. Qxe3 Re7 29. Qd2 Qc5+ 30. Nd4 Rxf1+ 31. Kxf1 Rf7+ 32. Ke2 Qe7+ 33. Qe3
Qxe3+ 34. Kxe3 Rf6 35. Ke2 Ba6 36. a4 Kf7 37. Bxa6 Rxa6 38. b3 Kf6 39. Kd3 Ke5
40. a5 Rg6 41. g3 Ra6 42. b4 g5 43. Nf3+ Kf5 44. h3 h6 45. Nd4+ Kf6 46. g4 Ra8
47. Nc6 Ke6 48. Kd4 Kd6 49. b5 Rh8 50. a6 h5 51. a7 Kc7 52. Kxd5 hxg4 53. hxg4
Kb7 54. Kc5 Rh4 55. b6 Rxg4 56. Na5+ Ka8 57. Kb5 Rf4 58. Kc6 Rf6+ 59. Kc7 Rf7+
60. Kc8 g4 61. Nc4 g3 62. Ne3 Rb7 63. Nd5 Rxb6 {White resigns} 0-1

[Event "Team 45 45 League T55"]
[Site "Internet Chess Club"]
[Date "2012.12.16"]
[Round "5"]
[White "whiskeytown"]
[Black "MeansToAnEnd"]
[Result "1-0"]
[WhiteElo "1586"]
[BlackElo "1443"]
[Opening "Caro-Kann: classical variation"]
[ECO "B19"]
[Time "14:00:32"]
[TimeControl "2700+45"]

1. e4 c6 2. d4 d5 3. Nc3 dxe4 4. Nxe4 Bf5 5. Ng3 Bg6 6. Nf3 h6 7. h4 e6 8. h5
Bh7 9. Bd3 Bxd3 10. Qxd3 Nf6 11. Bd2 Be7 12. O-O-O O-O 13. Ne5 Nbd7 14. f4 Nd5
15. Ne4 N7f6 16. g4 Nxe4 17. Qxe4 Nf6 18. Qe3 Bd6 19. g5 Nd5 20. Qg3 Bxe5 21.
dxe5 hxg5 22. fxg5 b5 23. g6 Ne7 24. h6 Nf5 25. Qh3 fxg6 26. hxg7 Nxg7 27. Qh7+
Kf7 28. Rhf1+ Ke7 29. Bb4+ Ke8 30. Rxf8# {Black checkmated} 1-0

[Event "Team 45 45 League T55"]
[Site "Internet Chess Club"]
[Date "2012.12.14"]
[Round "5"]
[White "sere"]
[Black "QuimCatala"]
[Result "1-0"]
[WhiteElo "1305"]
[BlackElo "1345"]
[Opening "Sicilian defense"]
[ECO "B30"]
[Time "11:01:49"]
[TimeControl "2700+45"]

1. e4 c5 2. Nf3 Nc6 3. d3 e6 4. Nc3 a6 5. Bf4 h6 6. Be2 Nf6 7. O-O b5 8. e5 Nh5
9. Be3 Qc7 10. Ne4 Nxe5 11. Nxe5 Qxe5 12. Bxh5 Bd6 13. Ng3 Bb7 14. Bf3 Bxf3 15.
Qxf3 Rb8 16. Rfe1 Qxb2 17. Ne4 Qe5 18. Nxd6+ Qxd6 19. Bf4 Qd5 20. Qxd5 O-O 21.
Bxb8 exd5 22. Bd6 Rc8 23. g3 g5 24. Kg2 Rc6 25. Re8+ Kg7 26. Bf8+ Kg6 27. Rae1
f5 28. R1e5 c4 29. Rxd5 cxd3 30. cxd3 Kf7 31. Ra8 f4 32. Rxd7+ Ke6 33. Rd6+ Rxd6
34. Bxd6 Kxd6 35. Rxa6+ Ke5 36. gxf4+ Kxf4 37. Rxh6 b4 38. Kf1 Kf3 39. Rb6 g4
40. Rxb4 g3 41. fxg3 Ke3 42. Rb3 Kd2 43. a4 {Black resigns} 1-0